 Dungeon Crawl Stone Soup version 0.26-a0-708-g17f3b190f9 (webtiles) character file.

Game seed: 11880487879811485120

29 jasper the Vexing (level 3, 0/20 HPs)
             Began as a Kobold Arcane Marksman on Oct 27, 2020.
             Slain by a worm (8 damage)
             ... on level 2 of the Dungeon.
             The game lasted 00:01:26 (825 turns).

jasper the Vexing (Kobold Arcane Marksman)           Turns: 825, Time: 00:01:27

Health: 0/20       AC:  2    Str:  7    XL:     3   Next: 32%
Magic:  4/4        EV: 15    Int: 15    God:
Gold:   50         SH:  0    Dex: 15    Spells: 3/4 levels left

rFire    . . .     SeeInvis .     - Unarmed
rCold    . . .     Faith    .   (shield restricted)
rNeg     . . .     Spirit   .   a - +0 robe
rPois    .         Reflect  .   (no helmet)
rElec    .         Harm     .   (no cloak)
rCorr    .         Rampage  .   (no gloves)
MR       .....                  (no boots)
Stlth    ++........             (no amulet)
HPRegen  0.06/turn              (no ring)
MPRegen  0.09/turn              (no ring)

@: no status effects
A: small, nightstalker 3
a: no special abilities


You were on level 2 of the Dungeon.
You visited 1 branch of the dungeon, and saw 2 of its levels.

You collected 50 gold pieces.

Inventory:

Missiles
 c - 5 boomerangs (quivered)
 d - 2 throwing nets
 e - 77 stones
 f - 14 poisoned darts
Armour
 a - a +0 robe (worn)
Scrolls
 b - a scroll of fog {unknown}
 h - a scroll of enchant weapon {unknown}
 j - a scroll of remove curse {unknown}
 k - 2 scrolls of enchant armour {unknown}
Potions
 g - a potion of brilliance {unknown}
 i - 3 potions of berserk rage {unknown}


   Skills:
 - Level 1.1 Fighting
 - Level 2.1 Throwing
 - Level 2.4 Dodging
 + Level 2.7 Unarmed Combat
 - Level 1.1 Spellcasting
 - Level 3.0 Hexes


You had 3 spell levels left.
You knew the following spells:

 Your Spells              Type           Power        Failure   Level
a - Corona                Hex            #......      7%          1

Your spell library contained the following spells:

 Spells                   Type           Power        Failure   Level
 Slow                     Hex            #.......     11%         2
 Inner Flame              Hex/Fire       #.......     36%         3
 Portal Projectile        Hex/Tloc       #.....       36%         3
 Cause Fear               Hex            #.........   56%         4
 Leda's Liquefaction      Hex/Erth       #.........   78%         4


Dungeon Overview and Level Annotations

Branches:
Dungeon (2/15)

Altars:
Xom


Innate Abilities, Weirdness & Mutations

You are small and have problems with some larger weapons.
You are completely attuned to the shadows.


Message History

The worm is heavily wounded.
The worm bites you.
You take 6 damage, and have 8/20 hp.
MASSIVE DAMAGE!!
Throwing (i - inventory. (/) - cycle)
c - 5 boomerangs (quivered)
Press: ? - help, Shift-Dir - straight line, f/p - worm
Aim: a worm (heavily wounded)
You throw a boomerang. The boomerang hits the worm.
The worm is heavily wounded.
You see here a rat corpse.
Throwing (i - inventory. (/) - cycle)
c - 5 boomerangs (quivered)
Press: ? - help, Shift-Dir - straight line, f/p - worm
Aim: a worm (heavily wounded)
You throw a boomerang. The boomerang hits the worm.
The worm is almost dead.
Throwing (i - inventory. (/) - cycle)
c - 5 boomerangs (quivered)
Press: ? - help, Shift-Dir - straight line, f/p - worm
Aim: a worm (severely wounded)
You throw a boomerang. The boomerang barely misses the worm.
The worm bites you!
You die...

#..# #..#
#..#
####..#
....@###
###..w.##
#..<#†.#
#.####.#
#. #.)...
####.. _


You could see a worm.

Vanquished Creatures
  An ooze (D:2)
  2 dart slugs
  A leopard gecko (D:1)
  A giant cockroach (D:1)
  5 goblins (D:1)
  2 hobgoblins (D:1)
  2 bats (D:1)
  2 kobolds
  3 rats
19 creatures vanquished.

Notes
Turn   | Place    | Note
-------+----------+-------------------------------------------
     0 | D:1      | jasper the Kobold Arcane Marksman began the quest for the
                  | Orb.
     0 | D:1      | Reached XP level 1. HP: 12/12 MP: 2/2
    39 | D:1      | Reached skill level 1 in Unarmed Combat
    48 | D:1      | Reached XP level 2. HP: 16/16 MP: 3/3
   754 | D:2      | Found a shimmering altar of Xom.
   761 | D:2      | Reached XP level 3. HP: 17/20 MP: 4/4
   825 | D:2      | Slain by a worm

Illustrated notes

Levels and vault maps discovered:
D:1:      denvon_arrival_planthouse, layout_loops_ring
D:2:      layout_rooms, overflow_temple_1_default,
          chequers_ecumenical_altar_lobes, serial_curves, eino_curves_01,
          eino_curves_03

Skill      XL: |  1  2 |
---------------+-------+-----
Unarmed Combat | 1 2 |  2.7
Fighting       | |  1.1
Throwing       | |  2.1
Dodging        | |  2.4
Spellcasting   | |  1.1
Hexes          | |  3.0

Action                   || total
-------------------------++-------
Melee: Unarmed           ||     5
Throw: Boomerang         ||    58
Armor: Robe              ||     5
Dodge: Dodged            ||    18

Table legend: (Time is in decaauts)
 A = Elapsed time spent in this place.
 B = Non-inter-level travel time spent in this place.
 C = Inter-level travel time spent in this place.
 D = Time resting spent in this place.
 E = Time spent auto-exploring this place.
 F = Levels seen in this place.
 G = Mean time per level.
                   A        B        C        D        E       F      G
               +--------+--------+--------+--------+--------+-----+--------+
         Total |    836 |    816 |     20 |     38 |    667 |   2 |  418.0 |
       Dungeon |    836 |    816 |     20 |     38 |    667 |   2 |  418.0 |
               +--------+--------+--------+--------+--------+-----+--------+

Top non-repeatable levels by time:
     D:1: 751 daAuts
     D:2: 84 daAuts
